3128 views
Uploaded 2020-02-09 00:17:00
Game version 1.32 / 1.32.1
32:55 long 4on4 ladder game on (8)MarketSquare
Saved by ChuckleMan
3128 views
Uploaded 2020-02-09 00:17:00
Game version 1.32 / 1.32.1
32:55 long 4on4 ladder game on (8)MarketSquare


207 units @ 30k
/ 3.9k
65 buildings @ 11.2k
/ 4.2k


| Healing Salve | 3 | 300 |
| Lesser Clarity Potion | 9 | 630 |
| Scroll of Speed | 2 | 100 |
| Scroll of Healing | 1 | 250 |
| Potion of Lesser Invulnerability | 2 | 300 |
| total: | 17 | 1580g |
| Peon | 21 | 1575 | / | 0 |
| Troll Headhunter | 7 | 980 | / | 140 |
| Spirit Walker | 5 | 975 | / | 175 |
| Shaman | 7 | 910 | / | 140 |
| Troll Berserker | 13 | 1820 | / | 260 |
| Tauren | 2 | 560 | / | 160 |
| total: | 55 | 6820g | / | 875w |
| Altar of Storms | 2 | 360 | / | 100 |
| Orc Burrow | 6 | 960 | / | 240 |
| War Mill | 1 | 205 | / | 0 |
| Barracks | 2 | 360 | / | 100 |
| Voodoo Lounge | 1 | 130 | / | 30 |
| Great Hall | 2 | 770 | / | 370 |
| Tauren Totem | 1 | 135 | / | 155 |
| Spirit Lodge | 1 | 150 | / | 150 |
| Stronghold | 2 | 630 | / | 380 |
| Fortress | 1 | 325 | / | 190 |
| total: | 16 | 3070g | / | 1145w |
| 0:03 | Altar of Storms |
| 0:04 | Peon |
| 0:25 | Peon |
| 0:29 | Orc Burrow |
| 0:32 | Peon |
| 0:45 | War Mill |
| 0:49 | Peon |
| 0:49 | Peon |
| 1:24 | Barracks |
| 1:27 | Barracks |
| 1:31 | Peon |
| 1:31 | Peon |
| 1:31 | Peon |
| 1:54 | Orc Burrow |
| 2:11 | Voodoo Lounge |
| 2:32 | War Stomp |
| 2:34 | Troll Headhunter |
| 2:37 | Spiked Barricades |
| 2:56 | Troll Headhunter |
| 3:14 | Troll Headhunter |
| 3:45 | Stronghold |
| 4:06 | Troll Headhunter |
| 4:17 | Orc Burrow |
| 4:26 | Healing Salve |
| 4:26 | Lesser Clarity Potion |
| 4:34 | Troll Headhunter |
| 5:05 | Steel Armor |
| 5:08 | Endurance Aura |
| 6:09 | Troll Regeneration |
| 6:42 | Troll Headhunter |
| 6:42 | Troll Headhunter |
| 6:50 | Orc Burrow |
| 6:57 | Improved Spiked Barricades |
| 7:04 | Healing Wave |
| 8:04 | Steel Ranged Weapons |
| 8:05 | Thorium Armor |
| 8:12 | Tauren Totem |
| 8:18 | Spirit Lodge |
| 8:20 | Fortress |
| 8:29 | Lesser Clarity Potion |
| 9:16 | Potion of Lesser Invulnerability |
| 9:25 | Thorium Ranged Weapons |
| 9:42 | War Stomp |
| 9:54 | Orc Burrow |
| 9:55 | Orc Burrow |
| 10:03 | Spirit Walker |
| 10:06 | Shaman |
| 10:06 | Shaman |
| 10:23 | Lesser Clarity Potion |
| 10:27 | Hex |
| 10:40 | Lesser Clarity Potion |
| 10:43 | Scroll of Speed |
| 10:57 | Shaman Adept Training |
| 10:59 | Spirit Walker Adept Training |
| 11:52 | Great Hall |
| 12:23 | Spirit Walker Master Training |
| 12:24 | Shaman Master Training |
| 12:27 | Berserker Upgrade |
| 12:55 | Arcanite Armor |
| 13:48 | Shaman |
| 13:50 | Spirit Walker |
| 13:57 | Troll Berserker |
| 13:57 | Troll Berserker |
| 14:27 | Shaman |
| 15:19 | Peon |
| 15:19 | Peon |
| 15:19 | Peon |
| 15:21 | Healing Wave |
| 15:29 | Reinforced Defenses |
| 15:33 | Troll Berserker |
| 15:33 | Troll Berserker |
| 15:48 | Lesser Clarity Potion |
| 15:49 | Scroll of Speed |
| 16:13 | Arcanite Ranged Weapons |
| 16:37 | Peon |
| 16:37 | Peon |
| 16:38 | Peon |
| 16:39 | Peon |
| 17:14 | Endurance Aura |
| 17:33 | Troll Berserker |
| 17:33 | Troll Berserker |
| 17:34 | Tauren |
| 17:34 | Tauren |
| 17:55 | Lesser Clarity Potion |
| 17:58 | Healing Salve |
| 18:10 | Lesser Clarity Potion |
| 18:12 | Healing Salve |
| 18:28 | Spirit Walker |
| 18:50 | Great Hall |
| 18:57 | Troll Berserker |
| 19:51 | Peon |
| 19:51 | Peon |
| 19:51 | Peon |
| 20:05 | Peon |
| 20:15 | Lesser Clarity Potion |
| 20:36 | Shaman |
| 21:39 | Hex |
| 21:51 | Altar of Storms |
| 22:24 | Peon |
| 22:24 | Peon |
| 22:40 | Lesser Clarity Potion |
| 23:40 | Troll Berserker |
| 24:02 | Troll Berserker |
| 24:18 | Spirit Walker |
| 26:15 | Troll Berserker |
| 26:15 | Troll Berserker |
| 26:16 | Shaman |
| 26:17 | Shaman |
| 26:18 | Spirit Walker |
| 26:19 | Troll Berserker |
| 26:19 | Troll Berserker |
| 26:50 | Healing Wave |
| 27:10 | Potion of Lesser Invulnerability |
| 27:11 | Scroll of Healing |
| 28:08 | War Stomp |
| Right click | 1011 |
| Select | 632 |
| Select group | 220 |
| Build/train/purchase | 148 |
| Use ability | 58 |
| Assign group | 40 |
| Misc. action | 27 |
| Minimap ping | 8 |
| Item give/drop | 3 |
| Remove unit | 2 |

| Wisp | 22 | 1320 | / | 0 |
| Archer | 31 | 4030 | / | 310 |
| Huntress | 20 | 3900 | / | 400 |
| total: | 73 | 9250g | / | 710w |
| Ancient Protector | 6 | 810 | / | 480 |
| Moon Well | 8 | 1440 | / | 320 |
| Ancient of War | 2 | 300 | / | 120 |
| Altar of Elders | 1 | 180 | / | 50 |
| Hunter's Hall | 1 | 210 | / | 100 |
| Tree of Life | 1 | 340 | / | 185 |
| Tree of Ages | 1 | 320 | / | 180 |
| Tree of Eternity | 1 | 330 | / | 200 |
| total: | 19 | 3280g | / | 1255w |
| 0:04 | Wisp |
| 0:09 | Moon Well |
| 0:18 | Wisp |
| 0:20 | Ancient of War |
| 0:22 | Wisp |
| 0:37 | Wisp |
| 0:51 | Altar of Elders |
| 0:53 | Wisp |
| 1:03 | Wisp |
| 1:14 | Wisp |
| 1:25 | Archer |
| 1:26 | Wisp |
| 1:43 | Archer |
| 1:53 | Moon Well |
| 2:05 | Moon Well |
| 2:13 | Archer |
| 2:34 | Archer |
| 2:49 | Hunter's Hall |
| 3:10 | Ancient of War |
| 3:18 | Archer |
| 3:54 | Ancient Protector |
| 3:58 | Strength of the Moon |
| 4:11 | Trueshot Aura |
| 4:47 | Huntress |
| 4:48 | Huntress |
| 4:57 | Ancient Protector |
| 5:08 | Moon Armor |
| 5:12 | Wisp |
| 5:12 | Wisp |
| 6:29 | Archer |
| 6:30 | Archer |
| 6:35 | Tree of Ages |
| 6:53 | Huntress |
| 7:02 | Moon Well |
| 7:43 | Moon Well |
| 7:50 | Ancient Protector |
| 8:00 | Ancient Protector |
| 8:03 | Archer |
| 8:05 | Archer |
| 8:30 | Huntress |
| 9:08 | Huntress |
| 9:09 | Huntress |
| 9:36 | Improved Strength of the Moon |
| 10:03 | Wisp |
| 10:03 | Wisp |
| 10:26 | Wisp |
| 10:26 | Wisp |
| 11:00 | Huntress |
| 11:01 | Huntress |
| 11:27 | Searing Arrows |
| 12:17 | Ancient Protector |
| 12:21 | Ancient Protector |
| 12:45 | Moon Well |
| 12:48 | Tree of Eternity |
| 13:19 | Huntress |
| 13:20 | Huntress |
| 14:38 | Huntress |
| 15:04 | Tree of Life |
| 15:10 | Wisp |
| 15:10 | Wisp |
| 15:11 | Wisp |
| 16:12 | Huntress |
| 16:13 | Huntress |
| 16:51 | Huntress |
| 16:52 | Huntress |
| 17:00 | Wisp |
| 17:07 | Wisp |
| 17:07 | Wisp |
| 17:08 | Wisp |
| 17:20 | Huntress |
| 17:21 | Huntress |
| 17:51 | Archer |
| 17:51 | Archer |
| 18:00 | Advanced Strength of the Moon |
| 18:39 | Wisp |
| 18:41 | Moon Glaive |
| 19:18 | Archer |
| 19:19 | Archer |
| 20:07 | Archer |
| 20:13 | Moon Well |
| 20:30 | Trueshot Aura |
| 21:27 | Searing Arrows |
| 22:26 | Huntress |
| 22:26 | Huntress |
| 22:32 | Marksmanship |
| 22:35 | Moon Well |
| 23:11 | Huntress |
| 23:14 | Archer |
| 23:15 | Archer |
| 23:16 | Archer |
| 23:38 | Archer |
| 23:39 | Archer |
| 23:41 | Improved Moon Armor |
| 24:34 | Archer |
| 24:34 | Archer |
| 24:34 | Archer |
| 24:35 | Archer |
| 25:13 | Archer |
| 25:13 | Archer |
| 25:14 | Archer |
| 25:14 | Archer |
| 25:47 | Trueshot Aura |
| 26:31 | Archer |
| 26:31 | Archer |
| 26:34 | Advanced Moon Armor |
| 27:56 | Starfall |
| 29:16 | Archer |
| 29:16 | Archer |
| Right click | 525 |
| Select | 413 |
| Misc. action | 157 |
| Build/train/purchase | 96 |
| Remove unit | 4 |
| Use ability | 2 |
| Esc | 1 |



| Healing Salve | 3 | 300 |
| Lesser Clarity Potion | 1 | 70 |
| Scroll of Healing | 1 | 250 |
| Boots of Speed | 2 | 500 |
| Potion of Lesser Invulnerability | 1 | 150 |
| Scroll of Protection | 1 | 150 |
| total: | 9 | 1420g |
| Peon | 8 | 600 | / | 0 |
| Grunt | 6 | 1200 | / | 0 |
| Spirit Walker | 4 | 780 | / | 140 |
| Troll Witch Doctor | 12 | 1740 | / | 300 |
| Tauren | 10 | 2800 | / | 800 |
| total: | 40 | 7120g | / | 1240w |
| Orc Burrow | 7 | 1120 | / | 280 |
| Altar of Storms | 1 | 180 | / | 50 |
| Barracks | 1 | 180 | / | 50 |
| Voodoo Lounge | 1 | 130 | / | 30 |
| War Mill | 1 | 205 | / | 0 |
| Great Hall | 1 | 385 | / | 185 |
| Tauren Totem | 1 | 135 | / | 155 |
| Spirit Lodge | 1 | 150 | / | 150 |
| Stronghold | 1 | 315 | / | 190 |
| Fortress | 1 | 325 | / | 190 |
| total: | 14 | 2485g | / | 900w |
| 0:04 | Peon |
| 0:04 | Peon |
| 0:09 | Orc Burrow |
| 0:13 | Altar of Storms |
| 0:36 | Barracks |
| 0:41 | Peon |
| 0:54 | Peon |
| 1:22 | Peon |
| 1:31 | Peon |
| 1:39 | Grunt |
| 1:44 | Peon |
| 1:51 | Orc Burrow |
| 2:15 | Feral Spirit |
| 2:45 | Grunt |
| 2:46 | Peon |
| 3:18 | Grunt |
| 3:20 | Stronghold |
| 3:29 | Voodoo Lounge |
| 3:54 | War Mill |
| 4:23 | Chain Lighting |
| 4:33 | Orc Burrow |
| 4:45 | Healing Salve |
| 5:10 | Steel Armor |
| 6:00 | Tauren Totem |
| 6:06 | Spirit Lodge |
| 6:24 | Boots of Speed |
| 6:31 | Thorium Armor |
| 6:42 | Healing Salve |
| 6:50 | Wind Walk |
| 7:41 | Orc Burrow |
| 7:45 | Feral Spirit |
| 7:53 | Spirit Walker |
| 7:54 | Spirit Walker Adept Training |
| 7:57 | Witch Doctor Adept Training |
| 7:57 | Troll Witch Doctor |
| 8:16 | Healing Salve |
| 8:16 | Lesser Clarity Potion |
| 9:13 | Spirit Walker |
| 9:15 | Boots of Speed |
| 9:35 | Fortress |
| 9:40 | Critical Strike |
| 9:54 | Troll Witch Doctor |
| 10:01 | Orc Burrow |
| 10:33 | Troll Witch Doctor |
| 10:35 | Spirit Walker |
| 11:02 | Steel Melee Weapons |
| 11:08 | Orc Burrow |
| 12:00 | Spirit Walker Master Training |
| 12:01 | Witch Doctor Master Training |
| 12:05 | Tauren |
| 12:20 | Troll Witch Doctor |
| 12:53 | Tauren |
| 13:30 | Tauren |
| 13:32 | Wind Walk |
| 13:38 | Chain Lighting |
| 14:01 | Troll Regeneration |
| 14:02 | Troll Witch Doctor |
| 14:16 | Tauren |
| 14:19 | Orc Burrow |
| 14:25 | Arcanite Armor |
| 15:37 | Endurance Aura |
| 16:24 | Troll Witch Doctor |
| 16:24 | Troll Witch Doctor |
| 17:27 | Tauren |
| 18:07 | Tauren |
| 18:25 | Troll Witch Doctor |
| 18:29 | Thorium Melee Weapons |
| 18:33 | Grunt |
| 18:53 | Tauren |
| 19:11 | Troll Witch Doctor |
| 19:12 | Grunt |
| 19:48 | Tauren |
| 19:53 | Troll Witch Doctor |
| 20:49 | Critical Strike |
| 21:20 | Tauren |
| 21:21 | Troll Witch Doctor |
| 21:30 | Wind Walk |
| 21:44 | Feral Spirit |
| 21:44 | Feral Spirit |
| 22:23 | Bladestorm |
| 22:45 | Tauren |
| 22:46 | Troll Witch Doctor |
| 22:49 | Grunt |
| 23:27 | Great Hall |
| 24:10 | Spirit Walker |
| 25:11 | Earth Quake |
| 26:28 | Pillage |
| 27:29 | Scroll of Healing |
| 27:31 | Potion of Lesser Invulnerability |
| 27:32 | Scroll of Protection |
| 27:55 | Critical Strike |
| 30:50 | Chain Lighting |
| 30:58 | Searing Arrows |
| Right click | 2675 |
| Select group | 1609 |
| Select | 593 |
| Misc. action | 159 |
| Build/train/purchase | 158 |
| Use ability | 92 |
| Assign group | 68 |
| Item give/drop | 1 |
| Remove unit | 1 |


| Orb of Lightning | 4 | 1500 |
| Circlet of Nobility | 1 | 175 |
| total: | 5 | 1675g |
| Peon | 13 | 975 | / | 0 |
| Grunt | 4 | 800 | / | 0 |
| Troll Headhunter | 7 | 980 | / | 140 |
| Tauren | 11 | 3080 | / | 880 |
| Rogue | 1 | 150 | / | 0 |
| Assassin | 1 | 250 | / | 30 |
| Kobold Geomancer | 1 | 255 | / | 30 |
| Forest Troll High Priest | 1 | 305 | / | 40 |
| total: | 39 | 6795g | / | 1120w |
| Watch Tower | 4 | 440 | / | 320 |
| Altar of Storms | 1 | 180 | / | 50 |
| Orc Burrow | 7 | 1120 | / | 280 |
| Barracks | 1 | 180 | / | 50 |
| War Mill | 1 | 205 | / | 0 |
| Voodoo Lounge | 1 | 130 | / | 30 |
| Tauren Totem | 1 | 135 | / | 155 |
| Stronghold | 3 | 945 | / | 570 |
| Fortress | 1 | 325 | / | 190 |
| total: | 16 | 2390g | / | 885w |
| 0:06 | Altar of Storms |
| 0:07 | Orc Burrow |
| 0:11 | Peon |
| 0:12 | Peon |
| 0:34 | Barracks |
| 0:44 | Peon |
| 1:00 | Peon |
| 1:08 | Peon |
| 1:27 | Peon |
| 1:28 | Peon |
| 1:31 | Pillage |
| 1:41 | Grunt |
| 1:46 | Peon |
| 2:08 | Grunt |
| 2:23 | Orc Burrow |
| 2:55 | War Mill |
| 3:18 | Grunt |
| 3:23 | Stronghold |
| 3:31 | War Stomp |
| 3:40 | Grunt |
| 4:24 | Steel Armor |
| 4:29 | Voodoo Lounge |
| 4:35 | Watch Tower |
| 4:39 | Watch Tower |
| 4:46 | Troll Headhunter |
| 4:54 | Orc Burrow |
| 5:05 | Troll Headhunter |
| 5:05 | Troll Headhunter |
| 5:22 | Orc Burrow |
| 6:20 | Summon Bear |
| 6:33 | Thorium Armor |
| 6:34 | Steel Melee Weapons |
| 7:01 | Circlet of Nobility |
| 7:17 | Fortress |
| 8:03 | Tauren Totem |
| 8:28 | Rogue |
| 8:29 | Assassin |
| 8:41 | Endurance Aura |
| 8:59 | Kobold Geomancer |
| 9:00 | Forest Troll High Priest |
| 9:10 | Thorium Melee Weapons |
| 9:22 | Orc Burrow |
| 9:36 | Orc Burrow |
| 10:11 | Pulverize |
| 10:11 | Tauren |
| 10:12 | Tauren |
| 10:13 | Tauren |
| 10:53 | Summon Quilbeast |
| 11:38 | Tauren |
| 11:38 | Tauren |
| 11:55 | Tauren |
| 11:55 | Tauren |
| 11:56 | Backpack |
| 12:00 | Arcanite Melee Weapons |
| 12:50 | Steel Ranged Weapons |
| 13:02 | Tauren |
| 13:02 | Tauren |
| 13:48 | Tauren |
| 13:49 | Tauren |
| 13:52 | Orc Burrow |
| 14:24 | Peon |
| 14:24 | Peon |
| 14:24 | Peon |
| 14:25 | Peon |
| 14:25 | Peon |
| 15:05 | Watch Tower |
| 15:13 | Watch Tower |
| 15:39 | Endurance Aura |
| 16:07 | Orb of Lightning |
| 16:07 | Orb of Lightning |
| 16:07 | Orb of Lightning |
| 16:08 | Orb of Lightning |
| 17:05 | Arcanite Armor |
| 18:20 | Summon Hawk |
| 20:09 | Troll Regeneration |
| 20:09 | Berserker Upgrade |
| 20:10 | Troll Headhunter |
| 20:10 | Troll Headhunter |
| 20:11 | Troll Headhunter |
| 20:11 | Troll Headhunter |
| 20:49 | War Stomp |
| Right click | 320 |
| Select group | 289 |
| Select | 217 |
| Misc. action | 146 |
| Build/train/purchase | 122 |
| Assign group | 41 |
| Minimap ping | 7 |
| Use ability | 3 |
| Remove unit | 3 |
203 units @ 27.2k
/ 3.6k
267 buildings @ 19.3k
/ 8.4k



| Scroll of Regeneration | 4 | 400 |
| total: | 4 | 400g |
| Peasant | 16 | 1200 | / | 0 |
| Rifleman | 11 | 2255 | / | 330 |
| Priest | 13 | 1755 | / | 130 |
| Gryphon Rider | 17 | 4760 | / | 1190 |
| total: | 57 | 9970g | / | 1650w |
| Scout Tower | 14 | 420 | / | 280 |
| Arcane Tower | 3 | 210 | / | 150 |
| Guard Tower | 5 | 350 | / | 250 |
| Farm | 19 | 1520 | / | 380 |
| Altar of Kings | 1 | 180 | / | 50 |
| Barracks | 1 | 160 | / | 60 |
| Blacksmith | 1 | 140 | / | 60 |
| Arcane Vault | 1 | 130 | / | 30 |
| Lumber Mill | 1 | 120 | / | 0 |
| Town Hall | 1 | 385 | / | 205 |
| Arcane Sanctum | 1 | 150 | / | 140 |
| Gryphon Aviary | 1 | 140 | / | 150 |
| Keep | 1 | 320 | / | 210 |
| Castle | 1 | 360 | / | 210 |
| total: | 41 | 3345g | / | 1355w |
| 0:04 | Peasant |
| 0:04 | Peasant |
| 0:06 | Peasant |
| 0:26 | Peasant |
| 0:52 | Farm |
| 0:59 | Altar of Kings |
| 1:03 | Barracks |
| 1:10 | Blacksmith |
| 1:12 | Peasant |
| 1:14 | Peasant |
| 1:24 | Peasant |
| 1:40 | Farm |
| 1:44 | Scout Tower |
| 1:48 | Peasant |
| 2:02 | Peasant |
| 2:10 | Farm |
| 2:15 | Peasant |
| 2:25 | Scout Tower |
| 2:32 | Scout Tower |
| 2:37 | Peasant |
| 2:44 | Arcane Tower |
| 2:53 | Rifleman |
| 2:59 | Farm |
| 3:04 | Arcane Tower |
| 3:21 | Rifleman |
| 3:24 | Summon Water Elemental |
| 3:43 | Arcane Vault |
| 4:07 | Rifleman |
| 4:35 | Rifleman |
| 4:58 | Rifleman |
| 5:01 | Farm |
| 5:12 | Keep |
| 5:22 | Scroll of Regeneration |
| 5:50 | Farm |
| 6:02 | Lumber Mill |
| 6:20 | Brilliance Aura |
| 6:36 | Town Hall |
| 6:39 | Scout Tower |
| 6:47 | Rifleman |
| 6:49 | Black Gunpowder |
| 6:57 | Farm |
| 7:28 | Summon Water Elemental |
| 8:27 | Arcane Sanctum |
| 8:31 | Arcane Tower |
| 8:33 | Peasant |
| 8:33 | Peasant |
| 8:37 | Scout Tower |
| 8:47 | Scroll of Regeneration |
| 8:52 | Rifleman |
| 9:04 | Guard Tower |
| 9:05 | Peasant |
| 9:29 | Castle |
| 9:32 | Gryphon Aviary |
| 9:33 | Improved Lumber Harvesting |
| 9:44 | Long Rifles |
| 9:46 | Refined Gunpowder |
| 9:50 | Priest |
| 9:51 | Priest |
| 9:57 | Farm |
| 10:04 | Storm Bolt |
| 10:05 | Scroll of Regeneration |
| 10:31 | Priest Adept Training |
| 10:42 | Farm |
| 10:55 | Priest |
| 11:04 | Farm |
| 11:45 | Farm |
| 11:52 | Gryphon Rider |
| 11:56 | Gryphon Rider |
| 11:57 | Storm Hammers |
| 12:34 | Farm |
| 12:37 | Priest Master Training |
| 12:40 | Peasant |
| 12:40 | Peasant |
| 13:29 | Priest |
| 13:31 | Rifleman |
| 13:33 | Iron Forged Swords |
| 13:37 | Gryphon Rider |
| 13:39 | Gryphon Rider |
| 14:15 | Gryphon Rider |
| 14:19 | Priest |
| 14:55 | Gryphon Rider |
| 14:56 | Priest |
| 15:28 | Steel Forged Swords |
| 15:29 | Gryphon Rider |
| 15:35 | Priest |
| 15:41 | Rifleman |
| 16:15 | Thunder Clap |
| 16:16 | Thunder Clap |
| 16:17 | Thunder Clap |
| 16:39 | Brilliance Aura |
| 18:12 | Gryphon Rider |
| 18:18 | Farm |
| 18:20 | Mithril Forged Swords |
| 18:21 | Imbued Gunpowder |
| 19:12 | Holy Light |
| 20:00 | Thunder Clap |
| 20:12 | Gryphon Rider |
| 20:12 | Gryphon Rider |
| 20:48 | Devotion Aura |
| 21:07 | Summon Water Elemental |
| 21:34 | Storm Bolt |
| 21:52 | Divine Shield |
| 22:56 | Gryphon Rider |
| 22:57 | Gryphon Rider |
| 22:57 | Gryphon Rider |
| 22:57 | Gryphon Rider |
| 22:59 | Priest |
| 22:59 | Priest |
| 22:59 | Priest |
| 22:59 | Priest |
| 23:01 | Gryphon Rider |
| 23:03 | Priest |
| 24:07 | Scroll of Regeneration |
| 24:17 | Priest |
| 24:19 | Rifleman |
| 24:21 | Rifleman |
| 24:23 | Studded Leather Armor |
| 24:51 | Devotion Aura |
| 27:20 | Reinforced Leather Armor |
| 28:07 | Devotion Aura |
| 28:40 | Storm Bolt |
| 29:08 | Gryphon Rider |
| 29:08 | Gryphon Rider |
| 29:11 | Scout Tower |
| 29:14 | Scout Tower |
| 29:16 | Scout Tower |
| 29:17 | Improved Masonry |
| 30:08 | Guard Tower |
| 30:10 | Scout Tower |
| 30:13 | Farm |
| 30:15 | Farm |
| 30:18 | Scout Tower |
| 30:20 | Scout Tower |
| 30:22 | Advanced Masonry |
| 30:33 | Scout Tower |
| 30:36 | Scout Tower |
| 30:56 | Guard Tower |
| 30:58 | Farm |
| 31:01 | Farm |
| 31:05 | Guard Tower |
| 31:06 | Guard Tower |
| 31:09 | Farm |
| 32:07 | Farm |
| 32:17 | Scout Tower |
| Right click | 1416 |
| Select | 478 |
| Build/train/purchase | 151 |
| Chat | 73 |
| Use ability | 29 |
| Select group | 26 |
| Assign group | 4 |



| Lesser Clarity Potion | 2 | 140 |
| Scroll of Regeneration | 1 | 100 |
| Scroll of Town Portal | 1 | 350 |
| Staff of Teleportation | 3 | 450 |
| Boots of Speed | 3 | 750 |
| Periapt of Vitality | 1 | 325 |
| Healing Salve | 2 | 200 |
| Scroll of Speed | 1 | 50 |
| total: | 14 | 2365g |
| Peasant | 30 | 2250 | / | 0 |
| Sorceress | 2 | 310 | / | 40 |
| total: | 32 | 2560g | / | 40w |
| Scout Tower | 157 | 4710 | / | 3140 |
| Arcane Tower | 5 | 350 | / | 250 |
| Guard Tower | 34 | 2380 | / | 1700 |
| Altar of Kings | 1 | 180 | / | 50 |
| Farm | 6 | 480 | / | 120 |
| Lumber Mill | 4 | 480 | / | 0 |
| Arcane Vault | 1 | 130 | / | 30 |
| Town Hall | 3 | 1155 | / | 615 |
| Blacksmith | 1 | 140 | / | 60 |
| Arcane Sanctum | 1 | 150 | / | 140 |
| Keep | 3 | 960 | / | 630 |
| Castle | 1 | 360 | / | 210 |
| total: | 174 | 7425g | / | 4155w |
| 0:03 | Peasant |
| 0:03 | Peasant |
| 0:07 | Altar of Kings |
| 0:11 | Farm |
| 0:12 | Farm |
| 0:14 | Peasant |
| 0:21 | Peasant |
| 0:31 | Peasant |
| 0:41 | Farm |
| 0:45 | Peasant |
| 0:53 | Lumber Mill |
| 1:05 | Peasant |
| 1:18 | Peasant |
| 1:19 | Peasant |
| 1:28 | Scout Tower |
| 1:33 | Scout Tower |
| 1:37 | Peasant |
| 1:53 | Farm |
| 1:57 | Peasant |
| 2:02 | Arcane Tower |
| 2:08 | Blizzard |
| 2:12 | Peasant |
| 2:18 | Guard Tower |
| 2:25 | Scout Tower |
| 2:29 | Scout Tower |
| 2:40 | Peasant |
| 2:49 | Farm |
| 2:57 | Guard Tower |
| 2:59 | Guard Tower |
| 3:02 | Scout Tower |
| 3:03 | Scout Tower |
| 3:07 | Peasant |
| 3:07 | Peasant |
| 3:36 | Arcane Vault |
| 3:51 | Keep |
| 3:52 | Keep |
| 4:03 | Brilliance Aura |
| 4:21 | Town Hall |
| 4:24 | Guard Tower |
| 4:57 | Guard Tower |
| 5:31 | Blizzard |
| 5:31 | Blizzard |
| 5:50 | Improved Masonry |
| 6:17 | Castle |
| 6:40 | Blacksmith |
| 6:49 | Scout Tower |
| 6:49 | Scout Tower |
| 6:50 | Scout Tower |
| 6:50 | Scout Tower |
| 6:51 | Scout Tower |
| 6:52 | Scout Tower |
| 6:53 | Scout Tower |
| 6:53 | Scout Tower |
| 6:54 | Scout Tower |
| 6:56 | Scout Tower |
| 6:57 | Scout Tower |
| 6:59 | Advanced Masonry |
| 7:42 | Guard Tower |
| 7:43 | Flame Strike |
| 7:55 | Staff of Teleportation |
| 7:56 | Boots of Speed |
| 9:03 | Brilliance Aura |
| 9:04 | Siphon Mana |
| 9:07 | Guard Tower |
| 9:25 | Scout Tower |
| 9:25 | Scout Tower |
| 9:26 | Scout Tower |
| 9:26 | Scout Tower |
| 9:27 | Scout Tower |
| 9:30 | Peasant |
| 9:30 | Peasant |
| 9:31 | Peasant |
| 9:31 | Peasant |
| 9:31 | Peasant |
| 9:32 | Peasant |
| 9:33 | Peasant |
| 9:33 | Peasant |
| 9:33 | Peasant |
| 9:33 | Peasant |
| 9:37 | Staff of Teleportation |
| 9:38 | Boots of Speed |
| 9:41 | Boots of Speed |
| 9:53 | Periapt of Vitality |
| 9:57 | Staff of Teleportation |
| 10:06 | Rain of Fire |
| 11:21 | Cleaving Attack |
| 11:46 | Imbued Masonry |
| 11:48 | Guard Tower |
| 11:53 | Scout Tower |
| 11:54 | Scout Tower |
| 11:55 | Scout Tower |
| 11:55 | Scout Tower |
| 11:56 | Scout Tower |
| 11:56 | Scout Tower |
| 11:57 | Scout Tower |
| 11:57 | Scout Tower |
| 11:58 | Scout Tower |
| 11:59 | Scout Tower |
| 11:59 | Scout Tower |
| 12:00 | Scout Tower |
| 12:01 | Scout Tower |
| 12:01 | Scout Tower |
| 12:02 | Scout Tower |
| 12:02 | Scout Tower |
| 12:04 | Scout Tower |
| 12:09 | Healing Salve |
| 12:13 | Lesser Clarity Potion |
| 12:25 | Scout Tower |
| 12:25 | Scout Tower |
| 12:26 | Scout Tower |
| 12:26 | Scout Tower |
| 12:27 | Scout Tower |
| 12:28 | Scout Tower |
| 12:28 | Scout Tower |
| 12:29 | Scout Tower |
| 12:29 | Scout Tower |
| 12:30 | Scout Tower |
| 12:33 | Arcane Sanctum |
| 12:53 | Improved Lumber Harvesting |
| 12:55 | Farm |
| 12:59 | Guard Tower |
| 13:22 | Blizzard |
| 13:23 | Flame Strike |
| 13:42 | Guard Tower |
| 13:44 | Scout Tower |
| 13:44 | Scout Tower |
| 13:45 | Scout Tower |
| 13:45 | Scout Tower |
| 13:48 | Lumber Mill |
| 13:52 | Peasant |
| 13:52 | Peasant |
| 13:53 | Peasant |
| 13:54 | Sorceress |
| 14:25 | Healing Salve |
| 14:26 | Lesser Clarity Potion |
| 14:42 | Scroll of Town Portal |
| 14:47 | Scout Tower |
| 14:47 | Scout Tower |
| 14:48 | Scout Tower |
| 14:48 | Scout Tower |
| 14:52 | Magic Sentry |
| 14:56 | Peasant |
| 14:56 | Peasant |
| 14:58 | Sorceress Adept Training |
| 15:14 | Guard Tower |
| 15:15 | Scout Tower |
| 15:16 | Scout Tower |
| 15:17 | Scout Tower |
| 15:17 | Scout Tower |
| 15:18 | Scout Tower |
| 15:18 | Scout Tower |
| 15:19 | Scout Tower |
| 15:19 | Scout Tower |
| 15:21 | Guard Tower |
| 15:41 | Scroll of Speed |
| 15:50 | Rain of Fire |
| 16:25 | Guard Tower |
| 16:27 | Scout Tower |
| 16:27 | Scout Tower |
| 16:28 | Scout Tower |
| 16:28 | Scout Tower |
| 16:28 | Scout Tower |
| 16:29 | Scout Tower |
| 16:30 | Scout Tower |
| 16:31 | Scout Tower |
| 16:31 | Scout Tower |
| 16:32 | Scout Tower |
| 16:33 | Scout Tower |
| 16:33 | Scout Tower |
| 16:34 | Scout Tower |
| 16:39 | Guard Tower |
| 17:09 | Siphon Mana |
| 17:26 | Scout Tower |
| 17:26 | Scout Tower |
| 17:27 | Scout Tower |
| 17:27 | Scout Tower |
| 17:28 | Scout Tower |
| 17:28 | Scout Tower |
| 17:29 | Scout Tower |
| 17:30 | Scout Tower |
| 17:40 | Scout Tower |
| 17:41 | Scout Tower |
| 17:42 | Scout Tower |
| 17:42 | Scout Tower |
| 17:43 | Scout Tower |
| 18:06 | Guard Tower |
| 18:11 | Scout Tower |
| 18:11 | Scout Tower |
| 18:12 | Scout Tower |
| 18:12 | Scout Tower |
| 18:13 | Scout Tower |
| 18:14 | Scout Tower |
| 18:15 | Scout Tower |
| 18:15 | Scout Tower |
| 18:16 | Scout Tower |
| 18:30 | Arcane Tower |
| 18:35 | Arcane Tower |
| 18:35 | Arcane Tower |
| 18:52 | Guard Tower |
| 19:16 | Cleaving Attack |
| 19:52 | Sorceress |
| 19:56 | Guard Tower |
| 20:03 | Guard Tower |
| 20:14 | Town Hall |
| 20:30 | Lumber Mill |
| 20:39 | Town Hall |
| 21:16 | Guard Tower |
| 22:06 | Mass Teleport |
| 22:47 | Guard Tower |
| 22:50 | Scout Tower |
| 22:51 | Scout Tower |
| 22:51 | Scout Tower |
| 22:52 | Scout Tower |
| 22:52 | Scout Tower |
| 22:53 | Scout Tower |
| 22:53 | Scout Tower |
| 22:54 | Scout Tower |
| 22:54 | Scout Tower |
| 22:55 | Scout Tower |
| 22:56 | Scout Tower |
| 22:56 | Scout Tower |
| 23:19 | Guard Tower |
| 23:29 | Guard Tower |
| 23:55 | Scroll of Regeneration |
| 24:16 | Scout Tower |
| 24:16 | Scout Tower |
| 24:17 | Scout Tower |
| 24:18 | Scout Tower |
| 24:18 | Scout Tower |
| 24:19 | Scout Tower |
| 24:19 | Scout Tower |
| 24:20 | Scout Tower |
| 24:21 | Scout Tower |
| 24:21 | Scout Tower |
| 24:22 | Scout Tower |
| 24:23 | Scout Tower |
| 24:36 | Guard Tower |
| 24:38 | Sorceress Master Training |
| 24:41 | Advanced Lumber Harvesting |
| 24:50 | Guard Tower |
| 25:21 | Flame Strike |
| 25:21 | Flame Strike |
| 26:09 | Guard Tower |
| 26:50 | Scout Tower |
| 26:51 | Scout Tower |
| 26:52 | Scout Tower |
| 26:52 | Scout Tower |
| 26:53 | Scout Tower |
| 26:54 | Scout Tower |
| 26:54 | Scout Tower |
| 26:55 | Scout Tower |
| 26:56 | Scout Tower |
| 26:56 | Scout Tower |
| 27:51 | Scout Tower |
| 27:52 | Scout Tower |
| 27:52 | Scout Tower |
| 27:53 | Scout Tower |
| 27:53 | Scout Tower |
| 27:54 | Scout Tower |
| 27:54 | Scout Tower |
| 27:55 | Scout Tower |
| 27:55 | Scout Tower |
| 27:55 | Scout Tower |
| 28:16 | Guard Tower |
| 28:51 | Rain of Fire |
| 29:50 | Guard Tower |
| 29:52 | Scout Tower |
| 29:53 | Scout Tower |
| 29:53 | Scout Tower |
| 29:54 | Scout Tower |
| 29:54 | Scout Tower |
| 29:55 | Scout Tower |
| 29:56 | Scout Tower |
| 29:57 | Scout Tower |
| 29:57 | Scout Tower |
| 29:59 | Scout Tower |
| 29:59 | Scout Tower |
| 30:00 | Scout Tower |
| 30:00 | Scout Tower |
| 30:34 | Guard Tower |
| 31:33 | Guard Tower |
| 31:37 | Lumber Mill |
| 32:19 | Guard Tower |
| Right click | 1153 |
| Select group | 508 |
| Select | 270 |
| Use ability | 195 |
| Build/train/purchase | 175 |
| Chat | 126 |
| Misc. action | 24 |
| Assign group | 20 |
| Item give/drop | 6 |
| Minimap ping | 5 |
| Esc | 1 |



| Healing Salve | 5 | 500 |
| Scroll of Speed | 2 | 100 |
| Lesser Clarity Potion | 9 | 630 |
| Orb of Lightning | 1 | 375 |
| Potion of Mana | 2 | 400 |
| Potion of Healing | 2 | 300 |
| Scroll of Town Portal | 1 | 350 |
| Ivory Tower | 2 | 80 |
| total: | 24 | 2735g |
| Peon | 26 | 1950 | / | 0 |
| Grunt | 2 | 400 | / | 0 |
| Troll Headhunter | 11 | 1540 | / | 220 |
| Troll Berserker | 11 | 1540 | / | 220 |
| Shaman | 3 | 390 | / | 60 |
| Troll Batrider | 6 | 960 | / | 240 |
| Wind Rider | 3 | 795 | / | 120 |
| total: | 62 | 7575g | / | 860w |
| Watch Tower | 3 | 330 | / | 240 |
| Orc Burrow | 16 | 2560 | / | 640 |
| Altar of Storms | 3 | 540 | / | 150 |
| Barracks | 2 | 360 | / | 100 |
| War Mill | 2 | 410 | / | 0 |
| Voodoo Lounge | 3 | 390 | / | 90 |
| Great Hall | 1 | 385 | / | 185 |
| Spirit Lodge | 1 | 150 | / | 150 |
| Beastiary | 4 | 580 | / | 560 |
| Stronghold | 2 | 630 | / | 380 |
| Fortress | 1 | 325 | / | 190 |
| Arcane Tower | 2 | 140 | / | 100 |
| total: | 35 | 5705g | / | 2115w |
| 0:02 | Peon |
| 0:03 | Peon |
| 0:06 | Orc Burrow |
| 0:09 | Altar of Storms |
| 0:20 | Barracks |
| 0:32 | Peon |
| 0:55 | Peon |
| 0:56 | Peon |
| 1:10 | Peon |
| 1:24 | Grunt |
| 1:46 | Orc Burrow |
| 1:50 | Peon |
| 1:50 | Peon |
| 1:57 | Peon |
| 2:14 | War Mill |
| 2:17 | Peon |
| 2:20 | Endurance Aura |
| 2:40 | Grunt |
| 2:59 | Peon |
| 3:06 | Voodoo Lounge |
| 3:26 | Troll Headhunter |
| 3:27 | Troll Headhunter |
| 3:27 | Troll Headhunter |
| 3:27 | Troll Headhunter |
| 3:27 | Troll Headhunter |
| 3:45 | Orc Burrow |
| 4:12 | Troll Headhunter |
| 4:13 | Healing Salve |
| 4:14 | Healing Salve |
| 4:27 | Steel Armor |
| 4:41 | Troll Headhunter |
| 4:48 | Pillage |
| 5:20 | War Stomp |
| 5:40 | Stronghold |
| 5:41 | Troll Headhunter |
| 5:43 | Steel Ranged Weapons |
| 6:35 | Troll Headhunter |
| 6:41 | Scroll of Speed |
| 6:41 | Lesser Clarity Potion |
| 6:41 | Healing Salve |
| 7:12 | Endurance Aura |
| 7:35 | Orc Burrow |
| 8:03 | Reinforced Defenses |
| 8:05 | Troll Regeneration |
| 8:10 | Backpack |
| 8:18 | Orc Burrow |
| 8:20 | Spirit Lodge |
| 8:35 | Thorium Ranged Weapons |
| 9:11 | Berserker Strength |
| 9:25 | War Stomp |
| 9:39 | Shaman Adept Training |
| 9:49 | Beastiary |
| 9:52 | Fortress |
| 9:53 | Troll Headhunter |
| 10:10 | Healing Wave |
| 10:28 | Troll Headhunter |
| 10:31 | Thorium Armor |
| 10:36 | War Mill |
| 11:33 | Watch Tower |
| 11:57 | Steel Melee Weapons |
| 12:22 | Berserker Upgrade |
| 12:29 | Peon |
| 12:29 | Peon |
| 12:31 | Orc Burrow |
| 13:29 | Hex |
| 13:39 | Watch Tower |
| 13:53 | Lesser Clarity Potion |
| 13:53 | Lesser Clarity Potion |
| 13:55 | Orb of Lightning |
| 13:58 | Potion of Mana |
| 13:59 | Scroll of Town Portal |
| 14:02 | Scroll of Speed |
| 14:04 | Troll Berserker |
| 14:04 | Troll Berserker |
| 14:04 | Troll Berserker |
| 14:13 | Watch Tower |
| 14:21 | Healing Salve |
| 14:57 | Potion of Mana |
| 14:57 | Lesser Clarity Potion |
| 15:15 | Shaman Master Training |
| 16:23 | Potion of Healing |
| 16:23 | Healing Salve |
| 16:32 | Endurance Aura |
| 17:39 | Shaman |
| 17:39 | Shaman |
| 17:39 | Shaman |
| 17:41 | Troll Berserker |
| 17:41 | Troll Berserker |
| 17:41 | Troll Berserker |
| 17:41 | Troll Berserker |
| 17:41 | Troll Berserker |
| 18:10 | Orc Burrow |
| 18:38 | Healing Wave |
| 19:19 | Arcanite Armor |
| 19:21 | Arcanite Ranged Weapons |
| 19:41 | Far Sight |
| 20:16 | Great Hall |
| 21:27 | Hex |
| 22:14 | Altar of Storms |
| 22:19 | Orc Burrow |
| 22:56 | Peon |
| 22:56 | Peon |
| 22:56 | Peon |
| 22:56 | Peon |
| 22:57 | Peon |
| 23:04 | Envenomed Spears |
| 23:10 | Beastiary |
| 23:27 | Witch Doctor Adept Training |
| 23:31 | Spiked Barricades |
| 23:33 | Thorium Melee Weapons |
| 23:58 | Lesser Clarity Potion |
| 24:01 | Lesser Clarity Potion |
| 24:05 | Potion of Healing |
| 24:08 | Troll Berserker |
| 24:08 | Troll Berserker |
| 24:08 | Troll Berserker |
| 24:17 | War Drums Damage Increase |
| 24:20 | Liquid Fire |
| 24:32 | Lesser Clarity Potion |
| 25:57 | Altar of Storms |
| 26:08 | Orc Burrow |
| 26:15 | Beastiary |
| 26:18 | Peon |
| 26:18 | Peon |
| 26:18 | Peon |
| 26:19 | Peon |
| 26:19 | Peon |
| 26:27 | Beastiary |
| 26:35 | Orc Burrow |
| 26:52 | Peon |
| 27:11 | Voodoo Lounge |
| 27:18 | Orc Burrow |
| 27:51 | Orc Burrow |
| 27:57 | Peon |
| 27:57 | Peon |
| 28:09 | Lesser Clarity Potion |
| 28:09 | Lesser Clarity Potion |
| 28:15 | Ivory Tower |
| 28:15 | Ivory Tower |
| 28:28 | Arcane Tower |
| 28:30 | Arcane Tower |
| 28:38 | Troll Batrider |
| 28:38 | Troll Batrider |
| 28:39 | Troll Batrider |
| 28:39 | Troll Batrider |
| 28:39 | Troll Batrider |
| 28:42 | Troll Batrider |
| 29:53 | Orc Burrow |
| 29:55 | Orc Burrow |
| 30:02 | Orc Burrow |
| 31:32 | Voodoo Lounge |
| 31:37 | Barracks |
| 32:19 | Wind Rider |
| 32:22 | Wind Rider |
| 32:22 | Wind Rider |
| 32:30 | Orc Burrow |
| 32:43 | Stronghold |
| Right click | 1306 |
| Select | 595 |
| Select group | 243 |
| Build/train/purchase | 230 |
| Chat | 63 |
| Use ability | 50 |
| Assign group | 35 |
| Remove unit | 9 |
| Item give/drop | 2 |
| Minimap ping | 2 |

| Healing Salve | 2 | 200 |
| Scroll of Town Portal | 1 | 350 |
| total: | 3 | 550g |
| Peon | 10 | 750 | / | 0 |
| Troll Headhunter | 17 | 2380 | / | 340 |
| Demolisher | 4 | 880 | / | 200 |
| Troll Witch Doctor | 7 | 1015 | / | 175 |
| Shaman | 4 | 520 | / | 80 |
| Troll Berserker | 9 | 1260 | / | 180 |
| Forest Troll High Priest | 1 | 305 | / | 40 |
| total: | 52 | 7110g | / | 1015w |
| Altar of Storms | 2 | 360 | / | 100 |
| Orc Burrow | 9 | 1440 | / | 360 |
| Barracks | 3 | 540 | / | 150 |
| War Mill | 1 | 205 | / | 0 |
| Voodoo Lounge | 1 | 130 | / | 30 |
| Spirit Lodge | 1 | 150 | / | 150 |
| Stronghold | 1 | 315 | / | 190 |
| Fortress | 1 | 325 | / | 190 |
| total: | 17 | 2825g | / | 790w |
| 0:06 | Peon |
| 0:07 | Peon |
| 0:15 | Altar of Storms |
| 0:20 | Orc Burrow |
| 0:24 | Peon |
| 0:33 | Barracks |
| 0:53 | Peon |
| 1:26 | Peon |
| 1:39 | War Mill |
| 2:25 | Orc Burrow |
| 2:35 | Feral Spirit |
| 2:42 | Peon |
| 2:51 | Voodoo Lounge |
| 2:59 | Troll Headhunter |
| 3:03 | Troll Headhunter |
| 3:08 | Spiked Barricades |
| 3:27 | Troll Headhunter |
| 4:05 | Troll Headhunter |
| 4:21 | Troll Headhunter |
| 5:25 | Troll Headhunter |
| 5:25 | Troll Headhunter |
| 5:27 | Stronghold |
| 5:30 | Steel Ranged Weapons |
| 5:32 | Troll Headhunter |
| 5:33 | Troll Headhunter |
| 5:35 | Troll Headhunter |
| 6:47 | Barracks |
| 6:57 | Steel Armor |
| 7:05 | Orc Burrow |
| 7:10 | Troll Headhunter |
| 7:34 | Troll Headhunter |
| 7:53 | Chain Lighting |
| 7:58 | Orc Burrow |
| 8:02 | Troll Regeneration |
| 8:04 | Troll Headhunter |
| 8:36 | Troll Headhunter |
| 8:47 | Healing Salve |
| 9:19 | Spirit Lodge |
| 9:25 | Troll Headhunter |
| 10:20 | Troll Headhunter |
| 10:44 | Peon |
| 10:44 | Peon |
| 10:46 | Witch Doctor Adept Training |
| 10:47 | Shaman Adept Training |
| 11:10 | Feral Spirit |
| 11:17 | Fortress |
| 11:23 | Troll Headhunter |
| 12:28 | Demolisher |
| 12:33 | Healing Salve |
| 12:50 | Troll Witch Doctor |
| 12:51 | Shaman |
| 12:56 | Orc Burrow |
| 13:02 | Orc Burrow |
| 13:56 | Orc Burrow |
| 14:05 | Demolisher |
| 14:07 | Berserker Upgrade |
| 14:16 | Peon |
| 14:16 | Peon |
| 14:41 | Witch Doctor Master Training |
| 15:00 | Troll Berserker |
| 15:01 | Demolisher |
| 15:25 | Troll Witch Doctor |
| 15:28 | Shaman |
| 15:29 | Shaman Master Training |
| 15:32 | Troll Berserker |
| 15:57 | Forest Troll High Priest |
| 16:14 | Chain Lighting |
| 16:42 | Troll Witch Doctor |
| 16:43 | Shaman |
| 16:50 | Orc Burrow |
| 18:43 | Burning Oil |
| 20:43 | Feral Spirit |
| 21:08 | Troll Berserker |
| 21:08 | Troll Berserker |
| 22:06 | Demolisher |
| 22:10 | Troll Witch Doctor |
| 22:10 | Shaman |
| 22:12 | Troll Berserker |
| 22:47 | Improved Spiked Barricades |
| 23:10 | Troll Witch Doctor |
| 23:14 | Troll Berserker |
| 26:04 | Troll Berserker |
| 27:00 | Troll Berserker |
| 27:00 | Troll Berserker |
| 27:06 | Troll Witch Doctor |
| 27:07 | Troll Witch Doctor |
| 28:08 | Scroll of Town Portal |
| 30:32 | Barracks |
| 31:26 | Orc Burrow |
| 31:31 | Altar of Storms |
| Right click | 625 |
| Select | 306 |
| Build/train/purchase | 83 |
| Chat | 33 |
| Use ability | 12 |
| Resource trade | 4 |
| Minimap ping | 3 |
| Misc. action | 1 |
| Remove unit | 1 |
⇛